Map: Lerilak Crest

Players

Hertz - Winner!

  • Race: Terran Terran
  • League: Diamond

LilDicky

  • Race: Terran Terran
  • League: Diamond

VOD

http://www.twitch.tv/tumescentpie

Description

Time

  • Played on: Dec. 7, 2015, 10:47 a.m.
  • Length: 5:52
Show
View Real Time Build Order
Export as new Build Order

Hertz Terran - Winner!

Build Orders: Mech 

Get SALT Encoding   

  12  0:03  SCV  
  13  0:15  SCV  
  13  0:18  Supply Depot  
  14  0:27  Refinery  
  14  0:28  SCV  
  15  0:42  Barracks  
  15  0:45  SCV  
  16  0:57  SCV  
  17  1:09  SCV  
  18  1:21  SCV  
  19  1:31  Reaper  
  20  1:34  Orbital Command  
  20  1:39  Refinery  
  19  1:55  Supply Depot  
  19  1:58  Factory  
  19  2:00  SCV  
  20  2:06  Marine  
  21  2:12  SCV  
  21  2:15  Supply Depot  
  22  2:24  SCV  
  22  2:26  Marine  
  24  2:37  SCV  
  25  2:43  Factory Tech Lab  
  24  2:44  Marine  
  24  2:47  Starport  
  24  2:49  SCV  
  26  3:01  SCV  
  26  3:02  Siege Tank  
  26  3:04  Marine  
  31  3:07  Supply Depot  
  31  3:13  SCV  
  32  3:25  Medivac  
  34  3:37  Siege Tank  
  34  3:38  SCV  
  38  3:57  Command Center, SCV  
  39  4:07  Medivac  
  41  4:17  Marine  
  42  4:27  SCV  
  43  4:31  Engineering Bay  
  43  4:37  Viking  
  45  4:39  SCV  
  42  5:14  Starport Reactor  
  42  5:16  Orbital Command  
  42  5:19  Missile Turret  
  42  5:22  SCV, Missile Turret  
  42  5:27  Marine  
  44  5:32  Factory  
  44  5:34  SCV, Factory  
Show
View Real Time Build Order
Export as new Build Order

LilDicky Terran 

Build Orders: Banshee Rush 

Get SALT Encoding   

  12  0:01  SCV  
  13  0:13  SCV  
  14  0:17  Supply Depot  
  14  0:25  SCV  
  15  0:28  Refinery  
  15  0:39  SCV  
  16  0:46  Barracks  
  16  0:51  SCV  
  17  1:03  SCV  
  18  1:15  SCV  
  19  1:20  Refinery  
  19  1:27  SCV  
  20  1:35  Supply Depot, Reaper  
  20  1:39  SCV  
  22  1:51  SCV  
  23  2:00  Factory  
  23  2:03  Orbital Command  
  23  2:07  Marine  
  24  2:25  Marine  
  25  2:43  Marine  
  26  2:44  Factory Tech Lab  
  26  2:45  SCV, Starport  
  27  2:57  SCV  
  27  2:58  Supply Depot  
  28  3:09  SCV  
  29  3:23  SCV  
  29  3:31  Engineering Bay  
  29  3:32  Banshee, Cloaking Field  
  32  3:35  SCV  
  32  3:38  Command Center  
  33  3:44  Supply Depot  
  32  3:58  SCV  
  32  4:02  Factory Tech Lab  
  33  4:04  Missile Turret, Marine  
  34  4:12  SCV  
  35  4:18  Banshee  
  35  4:20  Supply Depot  
  38  4:27  Siege Tank  
  41  4:43  Marine  
  37  5:13  Siege Tank  
  40  5:18  SCV  
  40  5:20  Command Center  
  41  5:30  SCV  
  41  5:35  Barracks Reactor  
Tags
 
Add a new tag
Caveats
  • Supply blocks, unpowered buildings, or Contaminate may cause inaccurate times.
  • Supply counts are checked every 10 seconds.